 Dungeon Crawl Stone Soup version 0.31-a0-819-gf6de2f5ab6 (webtiles) character file.

Game seed: 4058753150934422517

29 qw the Shooter (level 3, 0/21 HPs)
             Began as a Gargoyle Hunter on Sept 23, 2023.
             Slain by a jackal (1 damage)
             ... on level 2 of the Dungeon.
             The game lasted 00:00:19 (929 turns).

qw the Shooter (Gargoyle Hunter)                     Turns: 929, Time: 00:00:20

Health: 0/21       AC:  8    Str: 14    XL:     3   Next: 16%
Magic:  3/3        EV: 10    Int:  9    God:
Gold:   61         SH:  0    Dex: 15    Spells: 2/2 levels left

rFire   . . .        Y - +0 shortbow
rCold   . . .        (shield currently unavailable)
rNeg    + . .        f - +0 ring mail
rPois   inf          (no helmet)
rElec   +            (no cloak)
rCorr   .            (no gloves)
SInv    .            (no boots)
Will    .....        (no amulet)
Stlth   +            (no ring)
HPRegen 0.23/turn    (no ring)
MPRegen 0.08/turn

%: no passive effects
@: no status effects
A: sickness immunity, AC +3, negative energy resistance 1, electricity
resistance, torment resistance 1, petrification resistance
a: no special abilities


You were on level 2 of the Dungeon.
You visited 1 branch of the dungeon, and saw 2 of its levels.

You collected 61 gold pieces.


Innate Abilities, Weirdness & Mutations

You are immune to sickness and miasma.
Your stone body is resilient. (AC +3)
You are immune to poison.
You resist negative energy. (rN+)
You are resistant to electric shocks. (rElec)
You are resistant to unholy torment.
You are immune to petrification.


   Skills:
 - Level 2.1 Fighting
 + Level 4.8 Ranged Weapons
 - Level 1.0 Armour
 - Level 1.5 Dodging
 - Level 1.1 Stealth


You had 2 spell levels left.
You didn't know any spells.
Your spell library was empty.

Inventory:

Hand Weapons
 Y - a +0 shortbow (weapon)
Armour
 f - a +0 ring mail (worn)
Scrolls
 b - a scroll of fog {unknown}
Potions
 a - a potion of attraction {unknown}
 g - a potion of experience {unknown}

Dungeon Overview and Level Annotations

Branches:
Dungeon (2/15)

Altars:


Message History

The jackal bites you but does no damage.
The jackal bites you.
You shoot an arrow. The arrow hits the goblin.
The goblin is heavily wounded.
The jackal bites you but does no damage.
The hobgoblin hits you but does no damage.
The goblin hits you but does no damage.
The jackal bites you but does no damage. x2
The hobgoblin hits you but does no damage.
The goblin hits you but does no damage.
The jackal bites you but does no damage.
You shoot an arrow.
The arrow hits the goblin but does no damage.
The goblin is moderately wounded.
The jackal bites you. The jackal closely misses you.
The goblin hits you but does no damage. The hobgoblin closely misses you.
The jackal bites you.
You shoot an arrow. The arrow closely misses the goblin.
The jackal bites you but does no damage. x2
The hobgoblin hits you. The goblin hits you but does no damage.
The jackal completely misses you.
The jackal bites you but does no damage.
You shoot an arrow. The arrow hits the goblin.
The goblin is heavily wounded.
You hear a bark!
The jackal bites you but does no damage.
A jackal comes into view.
The hobgoblin hits you but does no damage.
The goblin closely misses you. The jackal bites you.
The jackal bites you but does no damage.
The hobgoblin hits you but does no damage.
The goblin hits you but does no damage.
You shoot an arrow. The arrow hits the goblin.
You kill the goblin!
The jackal barely misses you.
The jackal bites you. x2; The hobgoblin hits you.
The jackal closely misses you.
You shoot an arrow. The arrow barely misses the jackal.
The jackal closely misses you. The jackal barely misses you.
The jackal bites you.
You die...

# . # ##. ..##
#.###hh##
#..hhhh.# #.###
#@g# ..... #..#
#### #..##.#
#..##.# #..##.#
#..##.#
#..##^############
#..##.##..........
#..##.##.#.##.####


You could see 6 jackals and a hobgoblin.

Vanquished Creatures
  A worm (D:2)
  A dart slug (D:2)
  2 ball pythons
  5 bats
  An endoplasm (D:2)
  A giant cockroach (D:2)
  2 hobgoblins
  A kobold (D:1)
  A quokka (D:2)
  5 goblins
  2 rats (D:1)
22 creatures vanquished.

Notes
Turn   | Place    | Note
-------+----------+-------------------------------------------
     0 | D:1      | qw the Gargoyle Hunter began the quest for the Orb.
     0 | D:1      | Reached XP level 1. HP: 12/12 MP: 1/1
     0 | D:1      | 0 ||| qw: Version: 0.3-a-83-gcd0e7d8
     0 | D:1      | 0 ||| qw: Game counter: 1634
     0 | D:1      | 0 ||| qw: Melee chars always use a shield: true
     0 | D:1      | 0 ||| qw: God list: Okawaru
     0 | D:1      | 0 ||| qw: Allow faded altars: false
     0 | D:1      | 0 ||| qw: Do Orc after clearing Dungeon:15 true
     0 | D:1      | 0 ||| qw: Do second Lair branch before Depths: true
     0 | D:1      | 0 ||| qw: Lair rune preference: random
     0 | D:1      | 0 ||| qw: Goals: Normal
     0 | D:1      | 0 ||| PLANNING D:1-11
   360 | D:1      | Reached XP level 2. HP: 17/17 MP: 2/2
   629 | D:1      | 629 ||| UPGRADING to +0 ring mail.
   639 | D:1      | 639 ||| DROPPING +0 leather armour.
   640 | D:1      | 640 ||| READING 3 scrolls labelled NAS XUPRUNI.
   641 | D:1      | 641 ||| READING scroll labelled UCOHEI GEXKO.
   642 | D:1      | 642 ||| READING scroll labelled QITAXE FITRIKK.
   643 | D:1      | 643 ||| DROPPING 2 scrolls of poison.
   644 | D:1      | 644 ||| DROPPING scroll of butterflies.
   706 | D:2      | 706 ||| FLEEEEING.
   708 | D:2      | 708 ||| FLEEEEING.
   709 | D:2      | 709 ||| FLEEEEING.
   710 | D:2      | 710 ||| FLEEEEING.
   711 | D:2      | 711 ||| FLEEEEING.
   788 | D:2      | Reached skill level 1 in Armour
   871 | D:2      | Reached XP level 3. HP: 21/21 MP: 3/3
   928 | D:2      | HP: 5/21 [jackal (3)]
   928 | D:2      | HP: 1/21 [hobgoblin (4)]
   929 | D:2      | Slain by a jackal

Levels and vault maps discovered:
D:1:      heliophobic_arrival_enchanted_forest, layout_basic
D:2:      layout_loops_ring

Skill      XL: |  1  2 |
---------------+-------+-----
Armour         | 1 |  1.0
Fighting       | |  2.1
Ranged Weapons | |  4.8
Dodging        | |  1.5
Stealth        | |  1.1

Action                     || total
---------------------------++-------
   Fire: Shortbow          ||    67
    Use: Scroll            ||     3
 Armour: Leather armour    ||     9
         Ring mail         ||    43
  Dodge: Dodged            ||    33

Table legend:
 A = Non-vault XP
 B = Vault XP
 C = Vault XP percentage of total XP
 D = Non-vault monster count
 E = Vault monster count
 F = Vault count percentage of total count
                 A         B        C        D         E       F
            +---------+---------+-------+---------+---------+-------
      Total |      42 |       0 |   0.0 |      22 |       0 |   0.0
            +---------+---------+-------+---------+---------+-------
        D:1 |      18 |       0 |   0.0 |      11 |       0 |   0.0
        D:2 |      24 |       0 |   0.0 |      11 |       0 |   0.0
            +---------+---------+-------+---------+---------+-------
